 Dungeon Crawl Stone Soup version 0.29.0-4-gdea44cf6ec (webtiles) character file.

Game seed: 13091331695238814512

74 qw the Chopper (level 4, -1/26 HPs)
             Began as a Tengu Warper on Aug 28, 2022.
             Succumbed to an adder's poison
             ... on level 2 of the Dungeon.
             The game lasted 00:00:15 (3147 turns).

qw the Chopper (Tengu Warper)                       Turns: 3147, Time: 00:00:16

Health: -1/26      AC:  3    Str: 14    XL:     4   Next: 30%
Magic:  8/8        EV: 12    Int: 13    God:
Gold:   97         SH:  0    Dex: 13    Spells: 7/7 levels left

rFire   . . .      SeeInvis .   Y - +0 hand axe
rCold   + . .      Faith    .   (no shield)
rNeg    . . .      Spirit   .   b - +0 leather armour
rPois   .          Reflect  .   (helmet restricted)
rElec   .          Harm     .   (no cloak)
rCorr   .          Rampage  .   (no gloves)
Will    .....                   (boots unavailable)
Stlth   +.........              (no amulet)
HPRegen 0.08/turn               f - ring of protection from cold
MPRegen 0.11/turn               (no ring)

@: lethally poisoned (-1 -> -11)
A: beak, talons 3
a: no special abilities


You were on level 2 of the Dungeon.
You visited 1 branch of the dungeon, and saw 2 of its levels.

You collected 97 gold pieces.


Innate Abilities, Weirdness & Mutations

You have a beak for a mouth.
You have claws for feet.


   Skills:
 - Level 2.0 Fighting
 + Level 4.9 Axes
 - Level 1.0 Throwing
 - Level 1.1 Armour
 - Level 2.1 Dodging
 - Level 2.0 Spellcasting
 - Level 2.4 Translocations


You had 7 spell levels left.
You didn't know any spells.
Your spell library contained the following spells:

 Spells                   Type           Power      Damage    Failure   Level
 Blink                    Tloc           14%        N/A       19%         2
 Gell's Gravitas          Tloc           7%         N/A       34%         3
 Lesser Beckoning         Tloc           7%         N/A       34%         3
 Teleport Other           Tloc           7%         N/A       34%         3
 Manifold Assault         Tloc           7%         N/A       97%         5

Inventory:

Hand Weapons
 j - a +0 whip
 Y - a +0 hand axe (weapon)
Armour
 b - a +0 leather armour (worn)
 d - a +0 ring mail
Jewellery
 f - a ring of protection from cold (left hand)
 i - a ring of fire
Scrolls
 a - 2 scrolls of identify
 c - 3 scrolls of teleportation {unknown}
 g - a scroll of poison {unknown}
Potions
 h - a potion of attraction {unknown}

Dungeon Overview and Level Annotations

Branches:
Dungeon (2/15)

Altars:
Dithmenos

Shops:
D:1 [


Message History

You closely miss the adder. You claw the adder, but do no damage.
The adder closely misses you.
You closely miss the adder. Your peck misses the adder.
The adder closely misses you. The adder bites you.
You are poisoned.
The adder poisons you!
You barely miss the adder. Your kick misses the adder.
You peck the adder, but do no damage.
You feel sick. The adder barely misses you.
You hit the adder but do no damage.
You feel sick. The adder bites you but does no damage.
You closely miss the adder.
You feel sick.
You are no longer poisoned.
The adder barely misses you. The adder misses you.
You slash the adder! Your kick misses the adder.
The adder is almost dead.
The adder barely misses you.
You hit the adder but do no damage.
The adder is almost dead.
The adder bites you but does no damage. The adder bites you.
You are poisoned.
The adder poisons you!
You hit the adder. Your kick misses the adder.
The adder is almost dead.
You feel sick. The adder bites you.
You are more poisoned.
The adder poisons you!
You barely miss the adder. Your peck misses the adder.
The adder is almost dead.
You feel sick. The adder misses you. The adder bites you.
You are more poisoned.
The adder poisons you!
You closely miss the adder. Your kick misses the adder.
The adder is almost dead.
You feel very sick. The adder bites you.
You hit the adder.
You kill the adder!
You die...

##########
#........#
#.######.# #.#
#.# # #.# #.#
###.# #.# #@#
....# #.#
#%..# .####
#)# .....# .#
#.##.##...# .#
#.##.######
.########.##.#
..........##.#
.#######..##.#
.#...........#


There were no monsters in sight!

Vanquished Creatures
  2 adders (D:2)
  2 worms (D:2)
  5 dart slugs
  4 bats
  4 endoplasms
  A giant cockroach (D:1)
  7 goblins
  3 hobgoblins
  9 kobolds
  A quokka (D:1)
  4 ball pythons
  4 frilled lizards (D:1)
  2 rats
48 creatures vanquished.

Notes
Turn   | Place    | Note
-------+----------+-------------------------------------------
     0 | D:1      | qw the Tengu Warper began the quest for the Orb.
     0 | D:1      | Reached XP level 1. HP: 12/12 MP: 4/4
     0 | D:1      | 0 ||| qw: Version: 0.1-a-89-g26bdef1
     0 | D:1      | 0 ||| qw: Game counter: 1257
     0 | D:1      | 0 ||| qw: Always use a shield: true
     0 | D:1      | 0 ||| qw: God list: Okawaru
     0 | D:1      | 0 ||| qw: Allow faded altars: false
     0 | D:1      | 0 ||| qw: Do Orc after D:15 true
     0 | D:1      | 0 ||| qw: Do second Lair branch before Depths: true
     0 | D:1      | 0 ||| qw: Lair rune preference: random
     0 | D:1      | 0 ||| qw: Plans: Normal
     0 | D:1      | 0 ||| PLANNING D:1-11
    18 | D:1      | 18 ||| Stepping ~*~*~tactically~*~*~ (stealth).
    32 | D:1      | 32 ||| Stepping ~*~*~tactically~*~*~ (stealth).
    33 | D:1      | 33 ||| Stepping ~*~*~tactically~*~*~ (stealth).
    35 | D:1      | 35 ||| Stepping ~*~*~tactically~*~*~ (stealth).
    36 | D:1      | 36 ||| Stepping ~*~*~tactically~*~*~ (stealth).
    42 | D:1      | 42 ||| Stepping ~*~*~tactically~*~*~ (stealth).
    45 | D:1      | 45 ||| Stepping ~*~*~tactically~*~*~ (stealth).
    46 | D:1      | 46 ||| Stepping ~*~*~tactically~*~*~ (stealth).
   170 | D:1      | 170 ||| Stepping ~*~*~tactically~*~*~ (stealth).
   171 | D:1      | 171 ||| Stepping ~*~*~tactically~*~*~ (stealth).
   291 | D:1      | Reached skill level 3 in Axes
   291 | D:1      | Reached XP level 2. HP: 17/17 MP: 6/6
   411 | D:1      | Found Xaite's Antique Armour Shop.
   420 | D:1      | 420 ||| SHOPLISTING +1 robe of Vines {NoPotionHeal
                  | Regen++++} (2080 gold, have 17).
   420 | D:1      | 420 ||| SHOPLISTING chain mail (117 gold, have 17).
   420 | D:1      | 420 ||| SHOPLISTING embroidered robe (96 gold, have 17).
   420 | D:1      | 420 ||| SHOPLISTING pair of gloves (117 gold, have 17).
   420 | D:1      | 420 ||| SHOPLISTING ring mail (104 gold, have 17).
   420 | D:1      | 420 ||| SHOPLISTING runed leather armour (130 gold, have
                  | 17).
   420 | D:1      | 420 ||| SHOPLISTING scale mail (104 gold, have 17).
   559 | D:1      | 559 ||| Stepping ~*~*~tactically~*~*~ (hiding).
   661 | D:1      | 661 ||| Stepping ~*~*~tactically~*~*~ (hiding).
   763 | D:1      | 763 ||| Stepping ~*~*~tactically~*~*~ (hiding).
   846 | D:1      | 846 ||| Stepping ~*~*~tactically~*~*~ (hiding).
   948 | D:1      | 948 ||| Stepping ~*~*~tactically~*~*~ (hiding).
   956 | D:1      | Reached XP level 3. HP: 14/21 MP: 7/7
  1074 | D:1      | 1074 ||| Stepping ~*~*~tactically~*~*~ (stealth).
  1103 | D:1      | 1103 ||| Stepping ~*~*~tactically~*~*~ (stealth).
  1104 | D:1      | 1104 ||| Stepping ~*~*~tactically~*~*~ (stealth).
  1105 | D:1      | 1105 ||| Stepping ~*~*~tactically~*~*~ (stealth).
  1339 | D:1      | Reached skill level 4 in Axes
  1446 | D:1      | Found a faded altar of an unknown god.
  1625 | D:1      | Found a shadowy altar of Dithmenos.
  1631 | D:1      | 1631 ||| UPGRADING to ring of protection from cold.
  1632 | D:1      | 1632 ||| READING 3 scrolls labelled GEAGHU NEEFUWA.
  1633 | D:1      | 1633 ||| READING scroll labelled HOWOF GOIG.
  1634 | D:1      | 1634 ||| DRINKING 2 lumpy grey potions.
  1735 | D:1      | 1735 ||| READING 2 scrolls of identify.
  1735 | D:1      | 1735 ||| IDENTIFYING coppery potion
  1736 | D:1      | 1736 ||| DROPPING scroll of blinking.
  1737 | D:1      | 1737 ||| DROPPING potion of ambrosia.
  1738 | D:1      | 1738 ||| DROPPING potion of degeneration.
  1785 | D:2      | 1785 ||| Stepping ~*~*~tactically~*~*~ (hiding).
  2026 | D:2      | 2026 ||| FLEEEEING.
  2027 | D:2      | 2027 ||| FLEEEEING.
  2030 | D:2      | 2030 ||| FLEEEEING.
  2031 | D:2      | 2031 ||| FLEEEEING.
  2032 | D:2      | 2032 ||| FLEEEEING.
  2036 | D:2      | 2036 ||| FLEEEEING.
  2037 | D:2      | 2037 ||| FLEEEEING.
  2038 | D:2      | 2038 ||| FLEEEEING.
  2040 | D:2      | 2040 ||| FLEEEEING.
  2054 | D:2      | 2054 ||| FLEEEEING.
  2055 | D:2      | 2055 ||| FLEEEEING.
  2056 | D:2      | 2056 ||| FLEEEEING.
  2057 | D:2      | 2057 ||| FLEEEEING.
  2058 | D:2      | 2058 ||| FLEEEEING.
  2060 | D:2      | 2060 ||| FLEEEEING.
  2061 | D:2      | 2061 ||| FLEEEEING.
  2065 | D:2      | 2065 ||| FLEEEEING.
  2069 | D:2      | 2069 ||| FLEEEEING.
  2070 | D:2      | 2070 ||| FLEEEEING.
  2071 | D:2      | 2071 ||| FLEEEEING.
  2072 | D:2      | 2072 ||| FLEEEEING.
  2073 | D:2      | 2073 ||| FLEEEEING.
  2074 | D:2      | 2074 ||| FLEEEEING.
  2083 | D:2      | 2083 ||| FLEEEEING.
  2084 | D:2      | 2084 ||| STAIRDANCE
  2121 | D:2      | 2121 ||| STAIRDANCE
  2280 | D:2      | Reached XP level 4. HP: 11/26 MP: 8/8
  2284 | D:2      | HP: 6/26 [poisoned by an adder]
  2588 | D:2      | 2588 ||| FLEEEEING.
  2589 | D:2      | 2589 ||| FLEEEEING.
  2590 | D:2      | 2590 ||| FLEEEEING.
  2591 | D:2      | 2591 ||| FLEEEEING.
  2592 | D:2      | 2592 ||| FLEEEEING.
  2593 | D:2      | 2593 ||| FLEEEEING.
  2596 | D:2      | 2596 ||| FLEEEEING.
  2597 | D:2      | 2597 ||| FLEEEEING.
  2598 | D:2      | 2598 ||| FLEEEEING.
  2599 | D:2      | 2599 ||| FLEEEEING.
  2600 | D:2      | 2600 ||| FLEEEEING.
  2603 | D:2      | 2603 ||| FLEEEEING.
  2604 | D:2      | 2604 ||| FLEEEEING.
  2605 | D:2      | 2605 ||| FLEEEEING.
  2763 | D:2      | 2763 ||| DROPPING +0 club.
  3146 | D:2      | HP: 5/26 [poisoned by an adder]
  3146 | D:2      | HP: 2/26 [adder (3)]
  3147 | D:2      | Succumbed to an adder's poison

Levels and vault maps discovered:
D:1:      dpeg_arrival_water_altar, layout_loops_corners, serial_shops,
          nicolae_shop_waterfront, hellmonk_ecumenical_altar_inner_sanctum
D:2:      layout_loops_ring

Skill      XL: |  1  2  3 |
---------------+----------+-----
Axes           | 3 4 |  4.9
Fighting       | |  2.0
Throwing       | |  1.0
Armour         | |  1.1
Dodging        | |  2.1
Spellcasting   | |  2.0
Translocations | |  2.4

Action                   |  1- 3 |  4- 6 || total
-------------------------+-------+-------++-------
Melee: Hand axe          |    87 |    42 ||   129
       Kick              |    24 |     7 ||    31
       Peck              |    12 |     7 ||    19
Throw: Boomerang         |     7 |       ||     7
  Use: Scroll            |     3 |       ||     3
       Potion            |     1 |       ||     1
 Stab: Sleeping          |       |     1 ||     1
Armor: Leather armour    |    23 |     9 ||    32
Dodge: Dodged            |    44 |    16 ||    60

Table legend:
 A = Non-vault XP
 B = Vault XP
 C = Vault XP percentage of total XP
 D = Non-vault monster count
 E = Vault monster count
 F = Vault count percentage of total count
                 A         B        C        D         E       F
            +---------+---------+-------+---------+---------+-------
      Total |     120 |       0 |   0.0 |      48 |       0 |   0.0
            +---------+---------+-------+---------+---------+-------
        D:1 |      50 |       0 |   0.0 |      27 |       0 |   0.0
        D:2 |      70 |       0 |   0.0 |      21 |       0 |   0.0
            +---------+---------+-------+---------+---------+-------
